 Dungeon Crawl Stone Soup version 0.29.0-4-gdea44cf6ec (webtiles) character file.

Game seed: 2765282371542523875

11 qw the Sneak (level 2, -1/19 HPs)
             Began as a Gargoyle Delver on Sept 10, 2022.
             Slain by an orc
             ... wielding a +0 club
              (4 damage)
             ... on level 4 of the Dungeon.
             The game lasted 00:00:03 (187 turns).

qw the Sneak (Gargoyle Delver)                       Turns: 187, Time: 00:00:03

Health: -1/19      AC:  5    Str: 15    XL:     2   Next: 25%
Magic:  2/2        EV: 11    Int: 10    God:
Gold:   24         SH:  0    Dex: 11    Spells: 1/1 levels left

rFire   . . .      SeeInvis .   Y - +0 hand axe
rCold   . . .      Faith    .   (no shield)
rNeg    + . .      Spirit   .   b - +0 leather armour
rPois   inf        Reflect  .   (no helmet)
rElec   +          Harm     .   (no cloak)
rCorr   .          Rampage  .   (no gloves)
Will    .....                   (no boots)
Stlth   +++.......              (no amulet)
HPRegen 0.06/turn               (no ring)
MPRegen 0.08/turn               (no ring)

@: no status effects
A: sickness immunity, AC +2, negative energy resistance 1, electricity
resistance, torment resistance 1, petrification resistance
a: no special abilities


You were on level 4 of the Dungeon.
You visited 1 branch of the dungeon, and saw 2 of its levels.

You collected 24 gold pieces.


Innate Abilities, Weirdness & Mutations

You are immune to sickness and miasma.
Your stone body is resilient. (AC +2)
You are immune to poison.
You resist negative energy. (rN+)
You are resistant to electric shocks. (rElec)
You are resistant to unholy torment.
You are immune to petrification.


   Skills:
 - Level 3.2 Fighting
 + Level 2.6 Axes
 - Level 1.5 Dodging
 - Level 5.4 Stealth


You had one spell level left.
You didn't know any spells.
Your spell library was empty.

Inventory:

Hand Weapons
 Y - a +0 hand axe (weapon)
Armour
 b - a +0 leather armour (worn)
Wands
 g - a wand of digging (3)
Scrolls
 d - a scroll of identify {unknown}
Potions
 f - a potion of haste

Dungeon Overview and Level Annotations

Branches:
Dungeon (5/15)
 Temple: D:4-7

Altars:

Annotations:
D:4 Edmund


Message History

The orc barely misses you. The orc hits you with a +0 short sword.
You closely miss the orc. You hit the orc but do no damage.
The orc hits you with a +0 falchion. The orc hits you with a +0 short sword.
You hit the orc.
The orc is heavily wounded.
You closely miss the orc. The orc hits you but does no damage.
The orc barely misses you.
You hit the orc.
You kill the orc!
You barely miss the orc. The orc hits you with a +0 short sword.
You barely miss the orc. You hit the orc but do no damage.
The orc barely misses you. The orc misses you.
You hit the orc but do no damage. You hit the orc.
The orc priest calls upon Beogh to heal the orc.
The orc's wounds heal themselves!
The orc closely misses you. The orc barely misses you.
The orc closely misses you.
You hit the orc priest but do no damage.
You barely miss the orc. x2
The orc priest closely misses you. The orc hits you with a +0 short sword.
The orc closely misses you.
You hit Edmund but do no damage. You hit the orc priest.
You hit the orc but do no damage. You hit the orc. Edmund closely misses you.
The orc priest hits you with a +0 short sword.
The orc hits you but does no damage. x2
You hit the orc but do no damage.
The orc is heavily wounded.
You hit the orc but do no damage. You hit Edmund. You barely miss the orc.
You hit the orc priest. Edmund closely misses you.
The orc priest completely misses you. The orc closely misses you. x3
You hit the orc priest but do no damage.
The orc priest is heavily wounded.
You hit the orc. You hit the orc but do no damage.
You hit Edmund but do no damage. You hit the orc but do no damage.
Edmund barely misses you.
The orc priest invokes the aid of Beogh against you.
Pain shoots through your body! The orc hits you with a +0 club.
You die...

... .# .. .# #
.. .#.# #.#.#.
#.... #...##
...#.#.oo.#####
......@@o...[..
.....#.#o.#####
... #. ..# . #.
..# #. ..# #.
.## #. .# # #.
.#


You could see Edmund, an orc priest and 3 orcs.

Vanquished Creatures
  An adder (D:4)
  An orc (D:4)
2 creatures vanquished.

Notes
Turn   | Place    | Note
-------+----------+-------------------------------------------
     0 | D:5      | qw the Gargoyle Delver began the quest for the Orb.
     0 | D:5      | Reached XP level 1. HP: 14/14 MP: 1/1
     0 | D:5      | 0 ||| qw: Version: 0.1-a-116-g5d60599
     0 | D:5      | 0 ||| qw: Game counter: 8109
     0 | D:5      | 0 ||| qw: Always use a shield: true
     0 | D:5      | 0 ||| qw: God list: Okawaru
     0 | D:5      | 0 ||| qw: Allow faded altars: false
     0 | D:5      | 0 ||| qw: Do Orc after D:15 true
     0 | D:5      | 0 ||| qw: Do second Lair branch before Depths: true
     0 | D:5      | 0 ||| qw: Lair rune preference: random
     0 | D:5      | 0 ||| qw: Plans: Normal
     0 | D:5      | 0 ||| PLANNING D:1-11
     0 | D:5      | 0 ||| DROPPING scroll of fog.
     1 | D:5      | 1 ||| DROPPING scroll of magic mapping.
     2 | D:5      | 2 ||| DROPPING scroll of fear.
    53 | D:4      | Reached XP level 2. HP: 13/19 MP: 2/2
   175 | D:4      | 175 ||| READING scroll labelled DEINOSHR HEOCUKLELE.
   177 | D:4      | Noticed Edmund
   187 | D:4      | HP: 3/19 [orc priest/nerve-wracking pain (4)]
   187 | D:4      | Slain by an orc

Levels and vault maps discovered:
D:4:      layout_basic, gammafunk_temple_overflow_statue,
          minmay_temple_entry_sparse_star, uniq_edmund, uniq_duvessa
D:5:      layout_loops_corners, uniq_ijyb

Skill      XL: |  1 |
---------------+----+-----
Axes           | 2 |  2.6
Fighting       | |  3.2
Dodging        | |  1.5
Stealth        | |  5.4

Action                   || total
-------------------------++-------
Melee: Hand axe          ||    19
  Use: Scroll            ||     1
Armor: Leather armour    ||    12
Dodge: Dodged            ||    18

Table legend:
 A = Non-vault XP
 B = Vault XP
 C = Vault XP percentage of total XP
 D = Non-vault monster count
 E = Vault monster count
 F = Vault count percentage of total count
                 A         B        C        D         E       F
            +---------+---------+-------+---------+---------+-------
      Total |      16 |       0 |   0.0 |       2 |       0 |   0.0
            +---------+---------+-------+---------+---------+-------
        D:4 |      16 |       0 |   0.0 |       2 |       0 |   0.0
            +---------+---------+-------+---------+---------+-------
